 Dungeon Crawl Stone Soup version 0.19.4-8-ga85b6b9 (webtiles) character file.

58 Naow the Magician (level 3, 0/19 HPs)
             Began as a Deep Elf Fire Elementalist on Feb 8, 2017.
             Slain by a goblin (5 damage)
             ... led by Robin
             ... on level 2 of the Dungeon.
             The game lasted 00:02:03 (1362 turns).

Naow the Magician (Deep Elf Fire Elementalist)      Turns: 1362, Time: 00:02:04

Health: 0/19       AC:  2    Str:  5    XL:     3   Next: 76%
Magic:  2/10       EV: 13    Int: 20    God:
Gold:   53         SH:  0    Dex: 15    Spells: 3 memorised, 4 levels left

rFire  . . .     SeeInvis .     (no weapon)
rCold  . . .     Gourm    .     a - +0 robe
rNeg   . . .     Faith    .     (no shield)
rPois  .         Spirit   .     (no helmet)
rElec  .         Reflect  .     (no cloak)
rCorr  .         Harm     .     (no gloves)
MR     .....                    (no boots)
Stlth  ++........               (no amulet)
                                (no ring)
                                (no ring)

@: no status effects
A: no striking features
a: no special abilities


You were on level 2 of the Dungeon.
You were not hungry.

You visited 1 branch of the dungeon, and saw 2 of its levels.

You collected 53 gold pieces.

Inventory:

Armour
 a - a +0 robe (worn)
 k - a +0 pair of boots
Scrolls
 f - a scroll of remove curse {unknown}
 g - 2 scrolls of identify {unknown}
 h - a scroll of noise {unknown}
 i - a scroll of enchant weapon {unknown}
 l - a scroll of amnesia {unknown}
 m - a scroll of immolation {unknown}
Potions
 e - a potion of curing {unknown}
Books
 b - a book of Flames

   Spells                             Type                      Level
   a - Flame Tongue                   Conjuration/Fire             1
   b - Throw Flame                    Conjuration/Fire             2
   c - Conjure Flame                  Conjuration/Fire             3
   d - Inner Flame                    Hexes/Fire                   3
   e - Sticky Flame                   Conjuration/Fire             4
   f - Fireball                       Conjuration/Fire             5
Comestibles
 c - a bread ration
 d - 4 chunks of flesh
 j - a meat ration


   Skills:
 - Level 2.4 Dodging
 - Level 2.4 Stealth
 + Level 4.2 Spellcasting
 + Level 2.2 Conjurations
 + Level 4.0 Fire Magic


You had 4 spell levels left.
You knew the following spells:

 Your Spells              Type           Power        Failure   Level  Hunger
a - Flame Tongue          Conj/Fire      ###..        3%          1    None
b - Throw Flame           Conj/Fire      ###...       6%          2    #......
c - Conjure Flame         Conj/Fire      ###.....     12%         3    ###....


Dungeon Overview and Level Annotations

Branches:
Dungeon (2/15)

Altars:

Annotations:
D:2 Robin


Message History

The hobgoblin is moderately wounded.
Robin roars a battlecry!
The goblins go into a battle-frenzy!
The hobgoblin misses you.
You hear a shout!
A dart slug comes into view.
Casting: Flame Tongue
Confirm with . or Enter, or press ? or * to list all spells.
Aiming: Flame Tongue
Press: ? - help, Shift-Dir - straight line, f/p - hobgoblin
Aim: a hobgoblin, wielding a club (moderately wounded, unusually strong)
The flame tongue hits the hobgoblin.
The hobgoblin is heavily wounded.
Robin barely misses you. The hobgoblin hits you with a club.
The hobgoblin barely misses you. Robin throws the goblin at you!
* * * LOW HITPOINT WARNING * * *
The goblin misses you.
A goblin comes into view.
The goblin hits you.
You die...

g...# #.#$# #w#.# #.#.# ## #)#.#
#.. #g#.#######.###
#.)....รท....... #g.....####.###
## ## #@g.##.# #.# .#.##
#..........###.####.#####
.##.###. #######.## #........).#
.#...#.#### #.# ######.###...
..........#### #.######..........
.............###.##..............
.........................#####...
##......#....###.##.##...#l[!#..#
##.##.#####......#......#?=/#..#


You could see Robin, a dart slug, a hobgoblin and a goblin.

Vanquished Creatures
  An ooze (D:2)
  2 worms (D:2)
  4 dart slugs
  7 bats
  A giant cockroach (D:1)
  9 goblins
  5 hobgoblins
  A ball python (D:1)
  A frilled lizard (D:1)
  5 kobolds (D:1)
  3 rats (D:1)
39 creatures vanquished.

Notes
Turn   | Place    | Note
-------+----------+-------------------------------------------
     0 | D:1      | Naow the Deep Elf Fire Elementalist began the quest for the Orb.
     0 | D:1      | Reached XP level 1. HP: 10/10 MP: 6/6
   275 | D:1      | Reached XP level 2. HP: 15/15 MP: 5/8
   841 | D:1      | Reached XP level 3. HP: 19/19 MP: 1/10
   914 | D:1      | Learned a level 2 spell: Throw Flame
   918 | D:1      | Learned a level 3 spell: Conjure Flame
  1353 | D:2      | Noticed Robin
  1362 | D:2      | Slain by a goblin

Skill      XL: |  1  2  3 |
---------------+----------+-----
Conjurations   | 2 |  2.2
Fire Magic     | 4 |  4.0
Spellcasting   | 4 |  4.2
Dodging        | |  2.4
Stealth        | |  2.4

Action                   || total
-------------------------++-------
Melee: Unarmed           ||     3
 Cast: Flame Tongue      ||    77
  Eat: Chunk             ||     1
Armor: Robe              ||     6
Dodge: Dodged            ||    30
